 Dungeon Crawl Stone Soup version 0.21.0-25-ge575cb9 (webtiles) character file.

14276 Inarius the Frost Mage (level 11, -7/92 HPs)
             Began as a Pale Draconian Ice Elementalist on Jan 26, 2018.
             Was a Believer of Nemelex Xobeh.
             Mangled by a manticore (19 damage)
             ... on level 11 of the Dungeon.
             The game lasted 00:40:52 (17184 turns).

Inarius the Frost Mage (DrIE)                      Turns: 17184, Time: 00:40:53

Health: -7/92      AC: 10    Str: 11    XL:     11   Next: 86%
Magic:  2/20       EV: 15    Int: 19    God:    Nemelex Xobeh [**....]
Gold:   577        SH:  7    Dex: 17    Spells: 10/22 levels left

rFire    . . .     SeeInvis .   C - +9 whip of the Firefly {slash, *Noise rC+ Dex+6}
rCold    + + .     Gourm    .   G - +2 buckler
rNeg     . . .     Faith    .   (armour unavailable)
rPois    +         Spirit   .   (helmet restricted)
rElec    .         Reflect  .   v - +2 cloak
rCorr    .         Harm     .   (no gloves)
MR       .....                  (no boots)
Stlth    ++........             (no amulet)
HPRegen  0.25/turn              p - ring of protection from cold
MPRegen  0.17/turn              D - ring of poison resistance

@: barbed spikes
A: breathe steam, unfitting armour, cold-blooded, AC +7
a: Breathe Steam, Renounce Religion


You were on level 11 of the Dungeon.
You worshipped Nemelex Xobeh.
Nemelex Xobeh was pleased with you.
You were not hungry.

You visited 2 branches of the dungeon, and saw 12 of its levels.
You also visited: Sewer.

You collected 577 gold pieces.

Inventory:

Hand Weapons
 u - a +4 quarterstaff of chaos
 C - the +9 whip of the Firefly (weapon) {slash, *Noise rC+ Dex+6}
   (You found it on level 8 of the Dungeon)

   It inflicts extra damage upon your enemies.
   It affects your dexterity (+6).
   It protects you from cold.
   It may make noises in combat.
Armour
 c - a scarf of spirit shield
 v - a +2 cloak (worn)
 G - a +2 buckler (worn)
Jewellery
 p - a ring of protection from cold (left hand)
 D - a ring of poison resistance (right hand)
Wands
 n - a wand of iceblast (5)
 x - a wand of clouds (14)
 y - a wand of random effects (29)
 B - a wand of acid (5)
Scrolls
 d - 3 scrolls of amnesia
 h - 2 scrolls of fear
 j - 2 scrolls of magic mapping
 l - 2 scrolls of blinking
 m - 6 scrolls of teleportation
 r - 2 scrolls of identify
 t - 2 scrolls of remove curse
Potions
 e - 2 potions of invisibility
 f - 2 potions of haste
 g - 2 potions of curing
 i - 2 potions of magic
 k - a potion of flight
 q - 3 potions of resistance
 w - 2 potions of brilliance
 z - 3 potions of cancellation
Books
 o - a book of Flames

   Spells                             Type                      Level
   a - Flame Tongue                   Conjuration/Fire             1
   b - Throw Flame                    Conjuration/Fire             2
   c - Conjure Flame                  Conjuration/Fire             3
   d - Inner Flame                    Hexes/Fire                   3
   e - Sticky Flame                   Conjuration/Fire             4
   f - Fireball                       Conjuration/Fire             5
Miscellaneous
 s - a plain deck of escape
Comestibles
 b - 16 rations


   Skills:
 + Level 7.0 Fighting
   Level 0.3 Short Blades
 - Level 0.7(1.1) Maces & Flails
 - Level 1.1(1.2) Staves
 - Level 5.3 Dodging
 - Level 1.9 Stealth
 - Level 3.0 Shields
 - Level 6.0 Spellcasting
 + Level 5.5 Conjurations
 + Level 2.5 Charms
 + Level 3.2 Summonings
 * Level 12.5 Ice Magic
 * Level 7.0 Invocations


You had 10 spell levels left.
You knew the following spells:

 Your Spells              Type           Power        Failure   Level  Hunger
a - Freeze                Ice            ####         1%          1    None
b - Ozocubu's Armour      Chrm/Ice       ####....     1%          3    ##.....
c - Throw Icicle          Conj/Ice       #####...     3%          4    ####...
d - Summon Ice Beast      Ice/Summ       #####...     4%          4    ####...


Dungeon Overview and Level Annotations

Branches:
Dungeon (11/15)            Temple (1/1) D:6            Lair (0/6) D:8
    Orc (0/2) D:11

Altars:
Ashenzari
Cheibriados
Dithmenos
Elyvilon
Fedhas
Gozag
Hepliaklqana
Kikubaaqudgha
Makhleb
Nemelex Xobeh
Okawaru
Qazlal
Ru
Sif Muna
Trog
Uskayaw
Vehumet
Wu Jian
Xom
Yredelemnul
Zin
The Shining One


Innate Abilities, Weirdness & Mutations

You can breathe blasts of scalding, opaque steam.
Your pale cyan-grey scales are hard. (AC +7)
You cannot fit into any form of body armour.
You are cold-blooded and may be slowed by cold attacks.


Message History

Something bites your ice beast! Something claws your ice beast!
Your ice beast dies!
Okay, then.
You hit the manticore.
The manticore is almost dead.
You feel sick.
You are no longer poisoned.
The manticore bites you!
* * * LOW HITPOINT WARNING * * *
The manticore completely misses you. The manticore barely misses you.
You feel better. The manticore barely misses you. The manticore claws you.
* * * LOW HITPOINT WARNING * * *
The manticore claws you!
* * * LOW HITPOINT WARNING * * *
You barely miss the manticore.
You tail-slap the manticore, but do no damage.
The manticore is almost dead.
The manticore bites you!!
You die...
Your body glows slightly and disappears.

####### #...Y.#
#####.##Y#
.H.#.##Y###
#..###.#@##...#
#......H....#.# ###
...########.#.# ..#
#......(..# #.#
#.#.....#####.#
#.##)####.....#######
#.>.††..........(....
#.##......#.#####.###
# #.....###.# #...(


You could see a manticore.

Vanquished Creatures
  2 two-headed ogres
  An unseen horror (D:10)
  The ghost of Goblin1989 the Chopper, a novice NaBe of Trog (D:4)
  A manticore (D:11)
  The ghost of Goblin1989 the Chopper, a novice DsMo of Gozag (D:6)
  A yaktaur (D:7)
  A kobold demonologist (D:10)
  A troll (D:11)
  3 hornets
  A wyvern (D:8)
  Eustachio (D:5)
  9 yaks
  A hungry ghost (D:11)
  A steam dragon (D:10)
  Menkaure (D:6)
  2 soldier ants (D:10)
  A water moccasin (D:8)
  2 porcupines (D:8)
  3 black bears
  An ice beast (D:10)
  2 sky beasts
  A hornet zombie (D:4)
  A necrophage (D:10)
  7 orc warriors
  6 ogres
  A phantom (D:7)
  3 centaurs
  2 crocodiles (D:8)
  6 big kobolds
  7 bullfrogs
  4 scorpions
  4 wights (D:10)
  5 howler monkeys
  8 crimson imps
  A bullfrog zombie (D:6)
  3 quasits
  A centaur zombie (D:10)
  5 centaur skeletons
  4 hounds
  7 orc priests
  A jelly (D:8)
  11 orc wizards
  Crazy Yiuf (D:4)
  Jessica (D:2)
  4 bullfrog skeletons
  Natasha (thrice) (D:3)
  2 iguanas
  7 worker ants
  A hound zombie (D:8)
  4 worker ant zombies
  Robin (D:4)
  13 adders
  A river rat (Sewer)
  2 shadow imps
  6 oozes
  3 adder skeletons
  3 worms
  2 dart slugs
  3 leopard geckos (D:7)
  51 orcs
  6 ball pythons
  6 giant cockroaches
  16 goblins
  6 hobgoblins
  5 jackals
  6 quokkas
  8 bats
  3 frilled lizards
  37 kobolds
  A leopard gecko skeleton (D:7)
  A quokka skeleton (D:7)
  7 rats
  A fungus (D:8)
336 creatures vanquished.

Vanquished Creatures (collateral kills)
  A hippogriff (D:9)
  2 wyverns
  9 yaks
  A sky beast (D:9)
  An orc warrior (D:7)
  An ogre (D:9)
  4 killer bees (D:11)
  2 hounds (D:9)
  An orc priest (D:7)
  A worker ant (D:7)
  A kobold (D:11)
24 creatures vanquished.

Vanquished Creatures (others)
  5 fungi (D:8)
5 creatures vanquished.

Grand Total: 365 creatures vanquished

Notes
Turn   | Place    | Note
-------+----------+-------------------------------------------
     0 | D:1      | Inarius the Draconian Ice Elementalist began the quest for the Orb.
     0 | D:1      | Reached XP level 1. HP: 14/14 MP: 3/3
   216 | D:1      | Reached XP level 2. HP: 12/20 MP: 0/5
  1236 | D:2      | Reached XP level 3. HP: 23/26 MP: 1/6
  1337 | D:2      | Learned a level 3 spell: Ozocubu's Armour
  1520 | D:2      | Noticed Jessica
  1531 | D:2      | Killed Jessica
  1531 | D:2      | Reached skill level 4 in Ice Magic
  1531 | D:2      | Reached XP level 4. HP: 26/33 MP: 0/8
  2534 | D:3      | Noticed Natasha
  2544 | D:3      | Killed Natasha
  2544 | D:3      | Reached XP level 5. HP: 32/39 MP: 5/10
  2556 | D:3      | Found a glowing drain.
  2646 | Sewer    | Entered a sewer
  2873 | Sewer    | Reached skill level 5 in Ice Magic
  2953 | Sewer    | Reached XP level 6. HP: 38/46 MP: 5/11
  3588 | D:3      | Noticed Natasha
  3596 | D:3      | Killed Natasha
  3703 | D:3      | Noticed Natasha
  3721 | D:3      | Killed Natasha
  3721 | D:3      | Reached skill level 1 in Fighting
  4088 | D:4      | Learned a level 4 spell: Throw Icicle
  4093 | D:4      | Learned a level 4 spell: Summon Ice Beast
  4155 | D:4      | Reached skill level 6 in Ice Magic
  4409 | D:4      | Noticed Goblin1989's ghost (novice NaBe)
  4424 | D:4      | Killed Goblin1989's ghost
  4424 | D:4      | Reached skill level 7 in Ice Magic
  4424 | D:4      | Your scales start taking on a pale cyan-grey colour.
  4424 | D:4      | Reached XP level 7. HP: 9/55 MP: 12/14
  4683 | D:4      | Noticed Robin
  4859 | D:4      | Killed Robin
  5032 | D:4      | Reached XP level 8. HP: 62/62 MP: 15/15
  5354 | D:4      | Found a runed door.
  5519 | D:4      | Noticed Crazy Yiuf
  5521 | D:4      | Killed Crazy Yiuf
  5592 | D:5      | Entered Level 5 of the Dungeon
  5668 | D:5      | Reached skill level 5 in Spellcasting
  5726 | D:5      | Noticed Eustachio
  5738 | D:5      | Killed Eustachio
  5776 | D:5      | Reached skill level 1 in Staves
  5942 | D:5      | Reached skill level 1 in Charms
  6713 | D:6      | Noticed Menkaure
  6718 | D:6      | Killed Menkaure
  6718 | D:6      | Reached skill level 8 in Ice Magic
  7232 | D:6      | Noticed Goblin1989's ghost (novice DsMo)
  7250 | D:6      | Killed Goblin1989's ghost
  7250 | D:6      | Reached skill level 9 in Ice Magic
  7250 | D:6      | Reached XP level 9. HP: 53/71 MP: 17/17
  7414 | D:6      | Identified a scroll of acquirement
  7848 | D:6      | Found a staircase to the Ecumenical Temple.
  7857 | Temple   | Entered the Ecumenical Temple
  7973 | Temple   | Became a worshipper of Nemelex Xobeh the Trickster
  8181 | D:7      | Noticed a yaktaur
  8181 | D:7      | an ice beast changed into a yaktaur
  8186 | D:7      | Killed a yaktaur
  8186 | D:7      | Reached skill level 1 in Invocations
  8622 | D:7      | Received a gift from Nemelex Xobeh
  8719 | D:7      | Reached skill level 10 in Ice Magic
  9141 | D:7      | Reached skill level 5 in Fighting
  9584 | D:7      | You fall through a shaft!
  9622 | D:8      | Received a gift from Nemelex Xobeh
  9749 | D:7      | Reached XP level 10. HP: 42/81 MP: 3/18
 10203 | D:7      | Reached * piety under Nemelex Xobeh
 10288 | D:6      | Found a blossoming altar of Fedhas.
 10677 | D:8      | Reached skill level 1 in Summonings
 10813 | D:8      | Found a staircase to the Lair.
 10996 | D:8      | Got a translucent whip
 10997 | D:8      | Identified the +9 whip of the Firefly {slash, *Noise rC+ Dex+6} (You found it on level 8 of the Dungeon)
 11128 | D:8      | Reached skill level 11 in Ice Magic
 11430 | D:9      | Reached skill level 1 in Shields
 12404 | D:10     | Entered Level 10 of the Dungeon
 12706 | D:10     | Reached skill level 5 in Invocations
 13074 | D:10     | Noticed a two-headed ogre
 13104 | D:10     | Killed a two-headed ogre
 13104 | D:10     | Reached XP level 11. HP: 26/89 MP: 2/19
 13362 | D:10     | Reached ** piety under Nemelex Xobeh
 13428 | D:10     | Reached skill level 5 in Dodging
 13815 | D:10     | Killed an unseen horror
 13815 | D:10     | Reached skill level 5 in Conjurations
 14559 | D:10     | Received a gift from Nemelex Xobeh
 15150 | D:11     | Noticed a two-headed ogre
 15298 | D:10     | Reached skill level 12 in Ice Magic
 15999 | D:11     | Found a staircase to the Orcish Mines.
 16405 | D:11     | Killed a two-headed ogre
 17184 | D:11     | Mangled by a manticore

Skill      XL: |  1  2  3  4  5  6  7  8  9 10 11 |
---------------+----------------------------------+-----
Dodging        | 2 3 4 5 |  5.3
Spellcasting   | 3 4 5 6 |  6.0
Ice Magic      | 4 5 7 9 10 11 12 | 12.5
Fighting       | 2 4 5 6 7 |  7.0
Staves         | 1 |  1.1
Charms         | 1 2 |  2.5
Conjurations   | 2 3 4 5 |  5.5
Invocations    | 2 5 7 |  7.0
Summonings     | 2 3 |  3.2
Shields        | 1 3 |  3.0
Short Blades   | |  0.3
Maces & Flails | |  0.7
Stealth        | |  1.9

Action                   |  1- 3 |  4- 6 |  7- 9 | 10-12 || total
-------------------------+-------+-------+-------+-------++-------
Melee: Short sword       |    42 |    13 |       |       ||    55
       Tailslap          |     2 |    12 |    22 |    67 ||   103
       Mace              |       |   137 |    32 |       ||   169
       Quarterstaff      |       |       |   236 |    64 ||   300
       Whip              |       |       |       |   442 ||   442
 Cast: Freeze            |    35 |    64 |    18 |     5 ||   122
       Ozocubu's Armour  |       |     4 |     6 |    21 ||    31
       Throw Icicle      |       |       |    33 |    91 ||   124
       Summon Ice Beast  |       |       |     1 |    14 ||    15
 Abil: Breathe Steam     |       |       |     2 |       ||     2
Evoke: Deck              |       |       |     1 |     7 ||     8
  Use: Potion            |     1 |     2 |     2 |     3 ||     8
       Scroll            |       |     6 |     8 |     9 ||    23
 Stab: Sleeping          |     2 |     1 |     2 |     1 ||     6
       Paralysed         |       |       |     3 |       ||     3
       Confused          |       |       |     1 |       ||     1
       Petrified         |       |       |     2 |       ||     2
       Petrifying        |       |       |     1 |       ||     1
       Distracted        |       |       |       |     4 ||     4
  Eat: Chunk             |     2 |    10 |    20 |    24 ||    56
       Ration            |       |       |     1 |     6 ||     7
Armor: Skin              |    25 |    67 |   129 |   215 ||   436
Dodge: Dodged            |    43 |   138 |   267 |   423 ||   871
Block: Buckler           |       |       |       |   190 ||   190
